 Dungeon Crawl Stone Soup version 0.17-a0-1184-gb75be8f (webtiles) character file.

10679 Fluffy the Commander (level 11, -2/89 HPs)
             Began as a Demonspawn Fighter on June 1, 2015.
             Was a High Priest of Okawaru.
             Slain by Baka's ghost (26 damage)
             ... in an ice cave.
             The game lasted 00:39:55 (14062 turns).

Fluffy the Commander (Demonspawn Fighter)          Turns: 14062, Time: 00:39:55

Health: -2/89      AC: 13    Str: 18    XL:     11   Next: 39%
Magic:  16/18      EV: 10    Int:  9    God:    Okawaru [*****.]
Gold:   532        SH: 19    Dex: 17    Spells: 0 memorised, 10 levels left

rFire  . . .     SeeInvis .     B - +3 long sword
rCold  + . .     Clarity  .     a - +0 scale mail of the Fifty Dances {+Fly rElec rN+}
rNeg   + . .     SustAt   .     f - +1 large shield
rPois  .         Gourm    .     (no helmet)
rElec  +         Spirit   .     m - +0 cloak
rCorr  .         Warding  .     (no gloves)
rMut   .         Stasis   .     G - +1 pair of boots
MR     .....                    (no amulet)
Stlth  +++.......               (no ring)
                                F - ring of stealth

@: heroism, not resistant to hostile enchantments, fairly stealthy
A: claws 1, thin skeletal structure 1, cold resistance 1, foul stench 2, rot
immunity
a: Heroism, Finesse, Renounce Religion, Evoke Flight


You were in an ice cave.
You worshipped Okawaru.
Okawaru was extremely pleased with you.
You were not hungry.

You visited 2 branches of the dungeon, and saw 12 of its levels.
You also visited: Ice Cave.

You collected 532 gold pieces.

Inventory:

Hand weapons
 B - a +3 long sword (weapon)
Armour
 a - the +0 scale mail of the Fifty Dances (worn) {+Fly rElec rN+}
   (You found it on level 7 of the Dungeon)

   It insulates you from electricity.
   It protects you from negative energy.
   It lets you fly.
 f - a +1 large shield (worn)
 m - a +0 cloak (worn)
 w - a +0 helmet
 E - a +1 crystal plate armour
 G - a +1 pair of boots (worn)
Jewellery
 F - a ring of stealth (left claw)
Magical devices
 d - a wand of hasting (4)
 g - a wand of disintegration (13)
 h - a wand of paralysis (14)
 u - a wand of polymorph (16)
Scrolls
 b - a scroll of amnesia
 c - 4 scrolls of teleportation
 i - 7 scrolls of remove curse
 t - 3 scrolls of enchant armour
 y - 5 scrolls of fear
 z - a scroll of enchant weapon
Potions
 k - 3 potions of flight
 n - 2 potions of brilliance
 o - a potion of heal wounds
 p - a potion of cancellation
 q - 3 potions of lignification
 s - a potion of invisibility
 v - 2 potions of agility
 x - 2 potions of might
 C - 3 potions of curing
Comestibles
 e - 8 bread rations
 j - 4 beef jerkies
 l - 2 slices of pizza
 r - 6 meat rations
 D - a fruit


   Skills:
 + Level 9.6(14.6) Fighting
 + Level 8.0(13.0) Long Blades
 + Level 8.2(13.2) Armour
 + Level 7.0(12.0) Shields
 + Level 9.7 Invocations


You had 10 spell levels left.
You didn't know any spells.

Dungeon Overview and Level Annotations

Branches:
Dungeon (11/15)            Temple (1/1) D:4            Lair (0/8) D:9
    Orc (0/4) D:11

Altars:
Ashenzari
Cheibriados
Dithmenos
Elyvilon
Fedhas
Gozag
Kikubaaqudgha
Makhleb
Nemelex Xobeh
Okawaru
Qazlal
Ru
Sif Muna
Trog
Vehumet
Xom
Yredelemnul
Zin
The Shining One
Lugonu

Annotations:
IceCv Baka's ghost, powerful GrFi


Innate Abilities, Weirdness & Mutations

You have sharp fingernails.
You have a somewhat thin skeletal structure (Dex +2, Stealth).
Your flesh is cold resistant.
You frequently emit foul miasma when damaged in melee.
You are immune to rotting.


Message History

Evoke which item? (* to show all) (? for menu, Esc to quit)
Okay, then.
Drink which item? (? for menu, Esc to quit)
Okay, then.
Unknown command.
Baka's ghost turns its malevolent gaze towards you.
Baka's ghost gestures wildly while chanting.
Baka's ghost begins repelling missiles!
Baka's ghost wails, "You will join me soon!"
You hit Baka's ghost but do no damage.
Baka's ghost is lightly damaged.
You block Baka's ghost's attack.
You hit Baka's ghost but do no damage.
Baka's ghost is lightly damaged.
Baka's ghost hits you!
* * * LOW HITPOINT WARNING * * *
Use which ability? (? or * to list)
You gain the combat prowess of a mighty hero.
You feel slightly more hungry. Baka's ghost hits you!!
You die...

####
##..#
#.∩@#
##.W##
#÷∩.#
#...#
##...#
#...##
##...#
#..##
#.##


You could see Baka's ghost.

Vanquished Creatures
  A centaur warrior (D:10)
  A hill giant (D:10)
  A wolf spider (D:10)
  A merfolk (D:9)
  2 polar bears (IceCv)
  A slime creature (D:10)
  A centaur simulacrum (D:11)
  2 trolls (D:9)
  7 yaks
  A deep elf mage (D:9)
  A deep elf fighter (D:9)
  A hippogriff (D:8)
  2 hungry ghosts
  3 wolves
  Menkaure (D:4)
  4 wargs (D:11)
  3 sky beasts (D:10)
  Duvessa (D:4)
  3 ice beasts
  An orc warrior (D:9)
  2 necrophages
  A phantom (D:8)
  6 centaurs
  2 ogres
  2 big kobolds (D:10)
  11 giant frogs
  2 crocodiles (D:9)
  2 gnoll sergeants
  Dowan (D:4)
  4 scorpions
  A water moccasin skeleton (D:4)
  6 killer bees (D:9)
  6 wights
  7 crimson imps
  2 giant frog zombies
  3 hounds
  4 iguanas
  A jelly (D:5)
  4 orc priests
  4 giant frog skeletons
  10 orc wizards
  10 worker ants
  8 gnolls
  13 adders
  2 river rats (D:9)
  3 shadow imps
  12 white imps (D:11)
  An ooze (D:5)
  An ufetubus (D:11)
  2 adder skeletons
  An adder zombie (D:5)
  A worm (D:3)
  3 giant geckos
  33 orcs
  A bat skeleton (D:4)
  3 giant cockroaches
  14 goblins
  22 hobgoblins
  8 jackals
  2 ball pythons
  12 bats
  6 giant newts
  A jackal zombie (D:8)
  30 kobolds
  3 quokkas
  A quokka skeleton (D:4)
  A quokka zombie (D:5)
  23 rats
336 creatures vanquished.

Vanquished Creatures (others)
  3 fungi (D:9)
3 creatures vanquished.

Grand Total: 339 creatures vanquished

Notes
Turn   | Place    | Note
--------------------------------------------------------------
     0 | D:1      | Fluffy the Demonspawn Fighter began the quest for the Orb.
     0 | D:1      | Reached XP level 1. HP: 18/18 MP: 1/1
   303 | D:1      | Gained mutation: You have sharp fingernails. [demonic ancestry]
   303 | D:1      | Reached XP level 2. HP: 24/24 MP: 2/2
  1077 | D:2      | Gained mutation: You are immune to rotting. [demonic ancestry]
  1077 | D:2      | Reached XP level 3. HP: 26/29 MP: 3/3
  1430 | D:2      | Found a glowing silver altar of Zin.
  1434 | D:2      | Found a radiant altar of Vehumet.
  1438 | D:2      | Found a bloodstained altar of Trog.
  1438 | D:2      | Found a white marble altar of Elyvilon.
  1440 | D:2      | Found a deep blue altar of Sif Muna.
  1575 | D:2      | Found a burning altar of Makhleb.
  1842 | D:2      | Reached XP level 4. HP: 37/37 MP: 4/4
  1964 | D:3      | Reached skill level 4 in Fighting
  2603 | D:3      | Found a sacrificial altar of Ru.
  2657 | D:4      | Noticed Menkaure
  2783 | D:3      | Gained mutation: Your flesh is cold resistant. [demonic ancestry]
  2783 | D:3      | Reached XP level 5. HP: 15/43 MP: 5/5
  3274 | D:4      | Noticed Duvessa
  3275 | D:4      | Noticed Dowan
  3287 | D:4      | Killed Duvessa
  3287 | D:4      | Reached XP level 6. HP: 20/50 MP: 6/6
  3296 | D:4      | Killed Menkaure
  3296 | D:4      | Reached skill level 5 in Fighting
  3307 | D:4      | Killed Dowan
  3684 | D:4      | Found a staircase to the Ecumenical Temple.
  3695 | Temple   | Entered the Ecumenical Temple
  3734 | Temple   | Became a worshipper of Warmaster Okawaru
  4070 | D:4      | Reached skill level 1 in Invocations
  4376 | D:4      | Gained mutation: You may emit foul miasma when damaged in melee. [demonic ancestry]
  4376 | D:4      | Reached XP level 7. HP: 56/56 MP: 7/7
  4764 | D:4      | Noticed an ogre
  4791 | D:4      | Killed an ogre
  4908 | D:5      | Entered Level 5 of the Dungeon
  5396 | D:5      | Reached skill level 5 in Armour
  5407 | D:5      | Reached skill level 6 in Fighting
  5521 | D:5      | Found a shadowy altar of Dithmenos.
  5735 | D:5      | Acquired Okawaru's first power
  5760 | D:5      | Gained mutation: You frequently emit foul miasma when damaged in melee. [demonic ancestry]
  5760 | D:5      | Reached XP level 8. HP: 23/64 MP: 10/10
  6934 | D:6      | Reached skill level 5 in Long Blades
  7429 | D:6      | Found a staircase to the Ecumenical Temple.
  7882 | D:7      | Got a pitted scale mail
  7895 | D:7      | Identified the cursed +0 scale mail of the Fifty Dances {+Fly rElec rN+} (You found it on level 7 of the Dungeon)
  8126 | D:7      | Reached skill level 5 in Invocations
  8320 | D:7      | Reached skill level 7 in Fighting
  8505 | D:7      | Reached XP level 9. HP: 61/72 MP: 13/13
  9450 | D:8      | Found a snail-covered altar of Cheibriados.
 10290 | D:9      | Reached skill level 5 in Shields
 10304 | D:9      | Reached skill level 8 in Fighting
 10746 | D:9      | Found an ancient bone altar of Kikubaaqudgha.
 10780 | D:9      | Reached XP level 10. HP: 68/80 MP: 15/15
 10809 | D:9      | HP: 2/80 [killer bee (6)]
 11765 | D:9      | Found a staircase to the Lair.
 12053 | D:10     | Entered Level 10 of the Dungeon
 12124 | D:10     | Noticed a hill giant
 12369 | D:10     | Noticed a wolf spider
 12375 | D:10     | Killed a wolf spider
 12375 | D:10     | Acquired Okawaru's second power
 12375 | D:10     | Reached skill level 9 in Fighting
 12913 | D:10     | Noticed a centaur warrior
 13001 | D:10     | Killed a centaur warrior
 13001 | D:10     | Received a gift from Okawaru
 13001 | D:10     | Gained mutation: You have a somewhat thin skeletal structure (Dex +2, Stealth). [demonic ancestry]
 13001 | D:10     | Reached XP level 11. HP: 65/89 MP: 17/17
 13445 | D:10     | Killed a hill giant
 13546 | D:11     | Found a staircase to the Orcish Mines.
 13592 | D:11     | Found a frozen archway.
 13721 | IceCv    | Entered an ice cave
 14052 | IceCv    | Noticed Baka's ghost (powerful GrFi)
 14062 | IceCv    | Slain by Baka's ghost

Vault maps used:
D:1:      dpeg_arrival_leaves_temple_mockup
D:2:      minmay_door_path, lemuel_coloured_pillars_altar, minitemple
D:3:      nicolae_ru_the_path_less_chosen
D:4:      minmay_opposing_rooms, minmay_temple_entry_large_hall, uniq_menkaure,
          uniq_duvessa
D:5:      old_standard_altar, first_bread, minivault_23
D:6:      minmay_temple_entry_nine_rooms, kennysheep_big_empty_room
D:8:      nicolae_overflow_hidden_temple
D:9:      nicolae_overflow_crystal_walls, grunt_lair_entry_elf_guard_hut,
          hangedman_fish_farm
D:10:     minmay_curly_fans, grunt_tough_drop
D:11:     kennysheep_big_flooded_room, minmay_orc_entry_guard_dogs, serial_ice,
          serial_ice_f, serial_ice_n, serial_ice_o, serial_ice_l,
          portal_ice_cave_entry_imps
Temple:   corrupted_temple
IceCv:    ice_cave_caverns_02

Action                   |  1- 3 |  4- 6 |  7- 9 | 10-12 || total
-------------------------+-------+-------+-------+-------++-------
Melee: Long sword        |   116 |   220 |   707 |   504 ||  1547
Invok: Heroism           |       |       |     1 |     8 ||     9
Evoke: Wand              |       |       |     2 |     3 ||     5
  Use: Scroll            |       |    14 |     5 |     5 ||    24
       Potion            |       |     2 |     2 |     4 ||     8
 Stab: Paralysed         |       |       |       |     8 ||     8
       Distracted        |       |       |       |     1 ||     1
  Eat: Chunk             |     2 |    10 |    22 |    12 ||    46
